Map: Ley Lines

Players

Yogibear - Winner!

  • Race: Protoss Protoss
  • League: Diamond
  • Spawn Location: 7:00

A.I. 1 (Very Easy)

  • Race: Zerg Zerg
  • Spawn Location: 1:00

VOD

Have the link to the VOD?

Description

Time

  • Played on: Aug. 14, 2025, 2:41 p.m.
  • Length: 7:39
Show
View Real Time Build Order
Export as new Build Order

Yogibear Protoss - Winner!

Build Orders: 1 Gate Expand, Oracle Opening 

Get SALT Encoding   

  12  0:00  Probe  
  13  0:12  Probe  
  14  0:19  Pylon  
  14  0:26  Probe  
  15  0:35  Probe  
  15  0:40  Gateway  
  16  0:43  Probe  
  17  0:50  Assimilator  
  17  0:52  Probe  
  18  1:04  Probe  
  19  1:24  Nexus  
  19  1:35  Cybernetics Core  
  19  1:37  Probe  
  20  1:43  Assimilator  
  20  1:50  Probe  
  21  1:55  Pylon  
  21  2:02  Probe  
  21  2:04  Adept  
  22  2:14  Probe  
  25  2:24  Adept  
  25  2:26  Probe  
  26  2:36  Stargate  
  28  2:38  Probe x2  
  28  2:43  Warp Gate  
  30  2:50  Probe x2  
  32  3:00  Adept  
  32  3:02  Probe x2  
  36  3:08  Oracle  
  36  3:14  Probe x2  
  38  3:26  Probe x2  
  43  3:29  Gateway  
  43  3:30  Pylon  
  43  3:38  Probe x2  
  43  3:41  Oracle  
  48  3:50  Probe x2  
  49  4:02  Probe  
  49  4:03  Probe  
  50  4:12  Nexus  
  50  4:13  Pylon  
  50  4:14  Probe  
  50  4:15  Probe  
  52  4:27  Probe x2  
  54  4:35  Twilight Council  
  54  4:37  Forge  
  54  4:39  Probe x2, Oracle  
  54  4:43  Gateway  
  54  4:44  Assimilator  
  54  4:45  Gateway, Assimilator  
  56  4:51  Probe x2  
  61  4:54  Blink  
  61  4:57  Pylon  
  61  5:03  Probe  
  61  5:04  Protoss Ground Weapons Level 1  
  62  5:15  Probe  
  64  5:21  Probe  
  64  5:26  Probe  
  64  5:27  Probe  
  66  5:33  Probe  
  66  5:34  Gateway  
  67  5:36  Gateway  
  67  5:38  Probe  
  67  5:39  Probe  
  67  5:42  Gateway x2  
  69  5:45  Probe, Shield Battery  
  70  5:50  Probe  
  70  5:51  Probe  
  70  5:56  Stalker x2  
  76  5:57  Probe  
  76  5:58  Stalker  
  76  6:02  Probe, Stalker  
  76  6:03  Probe  
  83  6:09  Probe  
  84  6:15  Probe  
  84  6:16  Pylon  
  84  6:18  Pylon  
  85  6:20  Pylon  
  85  6:22  Pylon  
  85  6:34  Probe x3  
  85  6:36  Nexus  
  85  6:37  Pylon  
  85  6:38  Stalker x3  
  94  6:46  Probe, Stalker x2  
  94  6:47  Stalker  
  101  6:50  Stalker  
  103  6:55  Stalker  
  105  7:11  Probe x3  
  105  7:13  Templar Archives  
  108  7:23  Probe  
  108  7:27  Stalker x8  
  125  7:33  Pylon  
  125  7:35  Pylon  
Show
View Real Time Build Order
Export as new Build Order

A.I. 1 (Very Easy) Zerg 

Build Orders: Pool Only 

Get SALT Encoding   

  12  0:01  Drone  
  13  0:13  Overlord  
  13  0:16  Drone  
  14  0:35  Spawning Pool  
  14  0:37  Extractor  
  14  0:40  Drone  
  13  0:47  Drone  
  14  0:53  Overlord  
  14  1:23  Queen, Zergling x2  
  17  1:34  Roach Warren  
  17  1:37  Drone  
  17  1:41  Extractor  
  17  1:45  Drone  
  17  1:50  Zergling x2  
  18  2:04  Drone  
  19  2:11  Drone  
  20  2:17  Zergling x2  
  20  2:20  Drone  
  22  2:29  Overlord  
  22  2:34  Drone  
  23  2:41  Drone  
  24  2:44  Roach  
  24  2:48  Drone  
  27  3:48  Zergling x2  
  27  4:18  Drone  
  23  4:25  Drone  
  24  4:32  Drone  
  25  4:40  Drone  
  26  4:47  Drone  
  27  5:10  Drone  
  22  5:17  Drone  
  18  5:24  Drone  
  19  5:31  Drone  
  20  5:39  Drone  
  21  5:46  Drone  
  22  5:53  Drone  
  23  6:00  Drone  
  24  6:07  Drone  
  25  6:14  Drone  
  26  6:22  Drone  
  27  7:10  Zergling x2  
  27  7:15  Overlord, Drone  
  24  7:22  Drone  
Tags
 
Add a new tag
Caveats
  • Supply blocks, unpowered buildings, or Contaminate may cause inaccurate times.
  • Supply counts are checked every 10 seconds.